[Event "Rapid Tournament (RAP)"]
[Site "Biel, Switzerland"]
[Date "2026.07.12"]
[Round "4.22"]
[White "Varela Tavares, Goncalo"]
[Black "Gluckman, David"]
[Result "0-1"]
[TimeControl "15 + 5"]
[WhiteTitle "-"]
[BlackTitle "-"]
[WhiteFideId "1344773"]
[BlackFideId "14300010"]
[WhiteElo "1880"]
[BlackElo "2161"]

1. Nf3 g6 2. d4 Bg7 3.
c4 Nf6 4. Nc3 d5 5. e3 O-O 6. cxd5 Nxd5 7. Be2 c5 8. O-O Nc6 9. Bc4 Nb6 10. Bb5 cxd4 11.
exd4 Nxd4 12. Nxd4 Qxd4 13. Qe2 Be6 14. Be3 Qb4 15. a3 Qb3 16. Rac1 Bc4 17. Bxc4 Nxc4 18. Nd5 Nxe3 19. Nxe7+ Kh8 20. Qxe3 Qxe3 21. fxe3 Bxb2 22.
Rb1 Bxa3 23. Rxb7 Bxe7 24. Rxe7 Kg7 25. Ra1 a5 26. Re5 a4 27. Ra3 Rfb8 28. Re4 Rb1+ 29. Kf2 Rb2+ 30. Kf3 Rc8 31.
h4 Rcc2 32. g4 Rf2+ 33. Kg3 Rg2+ 34. Kf4 Rh2 35. Raxa4 Rxh4 36. Kg3 Rhh2 37. Ra7 Rbf2 38. Ree7 Rhg2+ 39. Kh3 Rg1 40. e4 Rf3+ 41.
Kh2 Rxg4 42. e5 Rf5 43. e6 Rh5# 0-1

[Event "Rapid Tournament (RAP)"]
[Site "Biel, Switzerland"]
[Date "2026.07.12"]
[Round "4.23"]
[White "Harish, Neeraj"]
[Black "Zecirovic, Giacomo"]
[Result "0-1"]
[TimeControl "15 + 5"]
[WhiteTitle "-"]
[BlackTitle "-"]
[WhiteFideId "30958130"]
[BlackFideId "1339451"]
[WhiteElo "2140"]
[BlackElo "1886"]

1. e4 c6 2. d4 d5 3. exd5 cxd5 4.
Bd3 Nf6 5. c3 Nc6 6. h3 g6 7.
Nf3 Bg7 8. O-O O-O 9. Bf4 a6 10. Nbd2 b5 11. Re1 b4 12. Ne5 Nxe5 13. dxe5 Nh5 14. Bh2 bxc3 15. bxc3 Bh6 16. Nf3 Qa5 17.
c4 dxc4 18. Bxc4 Rd8 19. Qb3 e6 20. Rad1 Bd7 21. Rd6 Ba4 22. Qd3 Bf8 23. Rxd8 Rxd8 24. Qe4 Rc8 25. Qe2 Qc3 26. Bxa6 Rb8 27.
Qc4 Qa5 28. g4 Rb4 29. Qe2 Nf4 30. Bxf4 Rxf4 31. Bd3 Rxf3 32. Be4 Ra3 33. Bg2 Bb5 34. Qd1 Rxa2 35. Bf1 Bxf1 36. Rxf1 Qxe5 37. Qb3 Ra1 38. Rxa1 Qxa1+ 39. Kg2 Qa8+ 40. f3 Qd5 41. Qb8 Qd2+ 42. Kf1 Qd3+ 43.
Kg2 Qd5 0-1

[Event "Rapid Tournament (RAP)"]
[Site "Biel, Switzerland"]
[Date "2026.07.12"]
[Round "4.24"]
[White "Materia, Matteo"]
[Black "Erne, Raphael"]
[Result "0-1"]
[TimeControl "15 + 5"]
[WhiteTitle "-"]
[BlackTitle "-"]
[WhiteFideId "45150575"]
[BlackFideId "1341928"]
[WhiteElo "1868"]
[BlackElo "2122"]

1. d4 d5 2. Nf3 Nf6 3. c4 c6 4. e3 Bf5 5. Nc3 e6 6. Be2 Nbd7 7. Nh4 Be4 8. f3 Bg6 9. Nxg6 hxg6 10.
e4 dxe4 11. fxe4 e5 12. d5 Bc5 13. Qd3 Qb6 14. Qf3 Bd4 15. Bd2 Nc5 16. O-O-O Ncxe4 17. Rhf1 Nxd2 18. Rxd2 Be3 19. Rfd1 O-O 20.
Kb1 Bxd2 21. Rxd2 cxd5 22. cxd5 Rac8 23. g4 Rxc3 24. Qxc3 Ne4 25. Qd3 Nxd2+ 26. Qxd2 Qg1+ 27. Kc2 Rc8+ 28. Kb3 Qxh2 29. Qd3 Qf4 30.
a3 Qd4 31. Qb5 Rd8 32. Bc4 Qb6 33. Qxb6 axb6 34. Kb4 Rd6 35. a4 Kf8 36. a5 bxa5+ 37. Kxa5 f5 38. gxf5 gxf5 39. Kb5 g5 40. Kc5 Ke7 41. b4 g4 42. Bd3 g3 0-1

[Event "Rapid Tournament (RAP)"]
[Site "Biel, Switzerland"]
[Date "2026.07.12"]
[Round "4.25"]
[White "Menzi, Jonas"]
[Black "Hajduk, Tomasz"]
[Result "1-0"]
[TimeControl "15 + 5"]
[WhiteTitle "-"]
[BlackTitle "-"]
[WhiteFideId "1345133"]
[BlackFideId "21811415"]
[WhiteElo "2114"]
[BlackElo "1879"]

1. e4 c5 2. Nf3 d6 3.
Bb5+ Nd7 4. d4 cxd4 5. Qxd4 a6 6. Bxd7+ Bxd7 7. Nc3 Nf6 8. Bg5 e6 9. O-O-O Be7 10. e5 dxe5 11. Nxe5 Bc6 12.
Nxc6 bxc6 13. Bxf6 Bxf6 14. Qc5 Qc7 15. Ne4 Be7 16. Nd6+ Kf8 17. Rd3 g6 18. Qe5 Kg8 19. Rhd1 h5 20. Nxf7 Qxe5 21. Nxe5 Bg5+ 22. Kb1 Kg7 23.
Rg3 Rhd8 24. Re1 Bd2 25. Rxg6+ Kh7 26. Rf1 Rd6 27. Rf6 Bg5 28. Rf7+ Kg8 29. Rf3 Rd5 30. Nd3 Be7 31. Re1 1-0

[Event "Rapid Tournament (RAP)"]
[Site "Biel, Switzerland"]
[Date "2026.07.12"]
[Round "4.26"]
[White "Villiger, Jan"]
[Black "El-Mais, Ibaa"]
[Result "1-0"]
[TimeControl "15 + 5"]
[WhiteTitle "-"]
[BlackTitle "-"]
[WhiteFideId "1340891"]
[BlackFideId "1312715"]
[WhiteElo "1846"]
[BlackElo "2100"]

1. e4 c6 2. d4 d5 3. e5 c5 4. dxc5 e6 5. Be3 Qc7 6.
Qd4 Ne7 7. Nf3 Nf5 8. Qd2 Nxe3 9. Qxe3 Bxc5 10. Qd2 Nc6 11. Bb5 Qb6 12. Bxc6+ bxc6 13. O-O Qxb2 14. Qc3 Qxc3 15. Nxc3 Be7 16. Rab1 Kd7 17. Na4 Ba6 18.
Rfd1 Rab8 19. Nd4 c5 20. Nb3 Rhc8 21. Nbxc5+ Kd8 22. Nxa6 Rxb1 23. Rxb1 Rxc2 24. g3 Rxa2 25. N4c5 Bxc5 26. Nxc5 Kc7 27. Nd3 a5 28. Kf1 Rd2 29. Nc5 Kc6 30.
Nb3 Ra2 31. Ke1 a4 32. Nc1 Rc2 33. Nd3 Rc3 34. Kd2 Ra3 35. Rb2 d4 36. Nb4+ Kc5 37. Nd3+ Kd5 38. f3 Ra1 39. Rc2 1-0

[Event "Rapid Tournament (RAP)"]
[Site "Biel, Switzerland"]
[Date "2026.07.12"]
[Round "4.27"]
[White "Fogo Esquivel, Levi Kalani Alexander"]
[Black "Bonanomi, Silvan"]
[Result "1/2-1/2"]
[TimeControl "15 + 5"]
[WhiteTitle "-"]
[BlackTitle "-"]
[WhiteFideId "5183189"]
[BlackFideId "1352644"]
[WhiteElo "2088"]
[BlackElo "1867"]

1. e4 c5 2. Nf3 Nf6 3. Nc3 d6 4. d4 cxd4 5. Nxd4 Nc6 6. Bg5 Bd7 7. Qd3 Rc8 8. O-O-O Nxd4 9. Qxd4 Qa5 10. Bd2 g6 11. f4 Bg7 12.
Bc4 O-O 13. Nd5 Qd8 14. Nxf6+ Bxf6 15. e5 dxe5 16. fxe5 Bg7 17. Be3 Bc6 18. Qxd8 Rfxd8 19. e6 f5 20. Rxd8+ Rxd8 21. Rg1 Be5 22. g3 a6 23. c3 Kg7 24.
Bb6 Rc8 25. Bb3 Kf6 26. Be3 Rd8 27. Bb6 Rc8 28. Rd1 Bf3 29. Rf1 Be4 30. Kd2 Rc6 31. Be3 Rd6+ 32. Ke1 Bd5 33. Bc5 Rd8 34.
Bb6 Rd6 35. Bc5 Rd8 1/2-1/2

[Event "Rapid Tournament (RAP)"]
[Site "Biel, Switzerland"]
[Date "2026.07.12"]
[Round "4.28"]
[White "Haugner, Jan"]
[Black "Carey, Michael"]
[Result "1-0"]
[TimeControl "15 + 5"]
[WhiteTitle "-"]
[BlackTitle "-"]
[WhiteFideId "24655244"]
[BlackFideId "30923760"]
[WhiteElo "2079"]
[BlackElo "1850"]

1. e4 c5 2. Nc3 Nc6 3. g3 g6 4. Bg2 Bg7 5.
d3 Rb8 6. a4 d6 7. f4 Nd4 8.
h3 e5 9.
Nf3 Ne7 10. O-O O-O 11. fxe5 dxe5 12. Bg5 f6 13. Be3 Be6 14. Nb5 a6 15. Na3 b5 16. axb5 axb5 17. Nd2 Qd6 18. c3 Ndc6 19. Nb3 c4 20. Nc5 cxd3 21. Nxe6 Qxe6 22. Qxd3 Rfd8 23.
Qe2 b4 24. Nc4 bxc3 25. bxc3 Rb3 26. Rfc1 Rdb8 27. Bf1 h5 28. Qa2 Kh7 29. Nd2 Nd4 30. cxd4 exd4 31. Nxb3 Rxb3 32. Rab1 dxe3 33. Qxb3 Qe5 34.
Qxe3 Bh6 35. Qc3 Qd6 36. Rd1 1-0

[Event "Rapid Tournament (RAP)"]
[Site "Biel, Switzerland"]
[Date "2026.07.12"]
[Round "4.29"]
[White "Piazza, Carlo"]
[Black "Grzeskowiak, Antoni"]
[Result "0-1"]
[TimeControl "15 + 5"]
[WhiteTitle "-"]
[BlackTitle "-"]
[WhiteFideId "809683"]
[BlackFideId "41855531"]
[WhiteElo "2076"]
[BlackElo "1844"]

1. e4 d6 2. d4 Nf6 3. Nc3 g6 4. Be3 Bg7 5. Qd2 c6 6. Bh6 Bxh6 7. Qxh6 b5 8. f3 Qa5 9. Qd2 Nbd7 10. g4 Nb6 11. h4 h5 12.
g5 Nfd7 13. f4 Nc4 14. Bxc4 bxc4 15. Nge2 Rb8 16. Nd1 Qxd2+ 17. Kxd2 d5 18. exd5 cxd5 19. a4 a5 20. Re1 Nb6 21.
Ndc3 Bg4 22. Ng3 e6 23. Nb5 Kd7 24. b3 Rhc8 25. Nf1 Bf3 26. Re3 Be4 27. Rc3 cxb3 28. cxb3 Rxc3 29. Nxc3 Bf3 30.
Kd3 Nc8 31. Nd2 Bg4 32. Nb5 Ne7 33. Rc1 Rb7 34. Rc5 Nf5 35. Nf1 Nxh4 36. Ne3 Bf3 37. Kc3 Nf5 38. Nxf5 gxf5 39. Na3 Rc7 40.
Rxc7+ Kxc7 41. Nb1 h4 42. Nd2 Be2 0-1

[Event "Rapid Tournament (RAP)"]
[Site "Biel, Switzerland"]
[Date "2026.07.12"]
[Round "4.30"]
[White "Hornung, Hans"]
[Black "Radovcic, Branimir"]
[Result "1-0"]
[TimeControl "15 + 5"]
[WhiteTitle "-"]
[BlackTitle "-"]
[WhiteFideId "4615140"]
[BlackFideId "14595346"]
[WhiteElo "2040"]
[BlackElo "1840"]

1. d4 Nf6 2. Bg5 c5 3. d5 d6 4. Nc3 Nbd7 5. e4 g6 6. f4 h6 7. Bh4 Qa5 8. Qd2 Bg7 9. Nf3 Nb6 10.
Be2 Bg4 11. O-O O-O 12. h3 Bxf3 13.
Rxf3 Rfe8 14. e5 dxe5 15. fxe5 Nfxd5 16. Raf1 Nxc3 17. bxc3 g5 18. Bxg5 hxg5 19. Rxf7 Bh6 20. Qd3 Bg7 21.
Qg6 1-0

[Event "Rapid Tournament (RAP)"]
[Site "Biel, Switzerland"]
[Date "2026.07.12"]
[Round "4.31"]
[White "Sadeghi, Hassan Roger"]
[Black "Brixius, Dirk"]
[Result "1-0"]
[TimeControl "15 + 5"]
[WhiteTitle "-"]
[BlackTitle "-"]
[WhiteFideId "1304712"]
[BlackFideId "12909734"]
[WhiteElo "2028"]
[BlackElo "1821"]

1. Nf3 c6 2. g3 d5 3. Bg2 Nf6 4. O-O Bf5 5. b3 e6 6. Bb2 Bd6 7. d3 O-O 8. Nbd2 Na6 9. c4 Qe7 10.
a3 Rac8 11. Re1 Rfd8 12. Qc2 b5 13. Nh4 bxc4 14. Nxf5 exf5 15. dxc4 g6 16. Qc3 dxc4 17. Qxf6 Qxf6 18. Bxf6 cxb3 19.
Bxd8 b2 20. Ra2 Rxd8 21. Rxb2 Bxa3 22. Ra2 Nb4 23. Rxa3 Rxd2 24. Rxa7 1-0

[Event "Rapid Tournament (RAP)"]
[Site "Biel, Switzerland"]
[Date "2026.07.12"]
[Round "4.32"]
[White "Alrefae, Ahmad"]
[Black "Labrovic, Jakov"]
[Result "0-1"]
[TimeControl "15 + 5"]
[WhiteTitle "-"]
[BlackTitle "-"]
[WhiteFideId "10306510"]
[BlackFideId "14549786"]
[WhiteElo "1797"]
[BlackElo "2005"]

1. e4 c5 2. Nf3 d6 3. d4 cxd4 4. Nxd4 Nf6 5. Nc3 a6 6. Qd3 Bd7 7. Bg5 Nc6 8. f4 e5 9. Nf5 Bxf5 10. exf5 Nd4 11. O-O-O Be7 12. Re1 Qa5 13.
Kb1 Rc8 14. g4 Nd5 15. Nd1 Qxe1 16. Bg2 Qa5 17. c3 Bxg5 18. fxg5 Nf4 19. Qe4 Nc6 20. Ne3 O-O 21. f6 d5 22.
Qf3 g6 23. Qg3 d4 24. Nf5 dxc3 25. Qh4 Qb5 26. b3 Qd3+ 27. Ka1 Qc2 28. Rb1 Nb4 29. Ne7+ Kh8 0-1

[Event "Rapid Tournament (RAP)"]
[Site "Biel, Switzerland"]
[Date "2026.07.12"]
[Round "4.33"]
[White "Arntz, Christoph"]
[Black "Moesching, Colin"]
[Result "0-1"]
[TimeControl "15 + 5"]
[WhiteTitle "-"]
[BlackTitle "-"]
[WhiteFideId "16257723"]
[BlackFideId "1345036"]
[WhiteElo "1999"]
[BlackElo "1820"]

1. f4 d5 2. Nf3 Nf6 3. e3 c5 4. d4 b6 5. c3 g6 6. Nbd2 Bg7 7. Bb5+ Bd7 8. Bd3 O-O 9. O-O Qe8 10.
Ne5 Bb5 11. Qe2 Bxd3 12. Qxd3 Nbd7 13. Qe2 Rc8 14. Qf3 Rc7 15. g4 Qa8 16. h4 h5 17. gxh5 Nxh5 18. Rf2 e6 19. Rg2 Ndf6 20.
Qh3 Qc8 21. Ndf3 b5 22. Bd2 a5 23. Rf1 Ne4 24. Be1 b4 25. Ng5 Nef6 26. Ng4 cxd4 27. cxb4 dxe3 28. bxa5 Rc4 29. Nxe3 Rxf4 30.
Rgf2 Ra4 31. a3 Ne4 32. Nxe4 Rxe4 33. Bb4 Bd4 34. Rf3 Nf4 35. Rxf4 Bxe3+ 36. R4f2 e5 37. Qxc8 Rxc8 38. Kg2 Bxf2 39. Rxf2 Rxb4 40. axb4 Rb8 41. Rd2 d4 42. Kf3 Rxb4 43. Ke4 f6 44. b3 Rxb3 45. Ra2 Kf7 46. a6 Ke6 0-1

[Event "Rapid Tournament (RAP)"]
[Site "Biel, Switzerland"]
[Date "2026.07.12"]
[Round "4.34"]
[White "Alexakis, Dimitrios"]
[Black "Pinelli, Gian"]
[Result "1/2-1/2"]
[TimeControl "15 + 5"]
[WhiteTitle "-"]
[BlackTitle "-"]
[WhiteFideId "4200527"]
[BlackFideId "1348710"]
[WhiteElo "1954"]
[BlackElo "1774"]

1. e4 c6 2. d4 d5 3. exd5 cxd5 4. c4 Nf6 5. Nc3 g6 6. Nf3 Bg7 7. cxd5 Nxd5 8. Bb5+ Bd7 9. Qb3 Nxc3 10. bxc3 O-O 11. O-O Bxb5 12.
Qxb5 Qd7 13. Qb3 Nc6 14. Bg5 h6 15. Bf4 e6 16. Rad1 Rfd8 17. h4 Rac8 18. Rfe1 a6 19. Qa3 Qd5 20.
Rc1 Na5 21. Ne5 Nc4 22. Nxc4 Qxc4 23. Qb2 b5 24. Qd2 Kh7 25. Qe3 Rd5 26. Qe4 Qxa2 27. Ra1 Qc4 28. Rxa6 Qxc3 29. Rc1 Qxd4 30.
Qxd4 Rxc1+ 31. Bxc1 Rxd4 32. Be3 Rd1+ 33. Kh2 Bf6 34. Rb6 Rb1 35. h5 gxh5 36. Kg3 Kg6 37. Kf3 b4 38. Rb8 Bg5 39. Bd4 f6 40. Ke4 Re1+ 41.
Kd3 e5 42. Bc5 Rd1+ 43. Ke2 Rd2+ 44. Kf3 Kf5 45. Rxb4 Rc2 46. Be3 Bxe3 47. Kxe3 Rc3+ 48. Ke2 h4 49. Rxh4 Kg5 50. Ra4 f5 51. g3 h5 52. Ra8 f4 53.
Rg8+ Kf5 54. Rf8+ Kg5 55. Rg8+ Kf5 56. Rf8+ Kg5 1/2-1/2

[Event "Rapid Tournament (RAP)"]
[Site "Biel, Switzerland"]
[Date "2026.07.12"]
[Round "4.35"]
[White "Gheorghiu, Harry"]
[Black "Laub, Patrick"]
[Result "0-1"]
[TimeControl "15 + 5"]
[WhiteTitle "-"]
[BlackTitle "-"]
[WhiteFideId "1248839"]
[BlackFideId "1302566"]
[WhiteElo "1751"]
[BlackElo "1949"]

1. e4 c6 2. Nc3 d5 3.
Nf3 dxe4 4. Nxe4 Bg4 5. h3 Bh5 6. Ng3 Bg6 7. Bc4 e6 8. O-O Nf6 9. d3 Bd6 10. Bg5 Bxg3 11. fxg3 Nbd7 12.
Qd2 Qc7 13. Bf4 Qb6+ 14. Kh1 O-O 15. Rae1 Nh5 16. Bd6 c5 17. Bxf8 Nxg3+ 18. Kh2 Nxf1+ 19. Rxf1 Rxf8 20. Bb3 Qd6+ 21.
g3 Nf6 22. Nh4 b5 23. Nxg6 hxg6 24. Qe3 Rd8 25. Qf3 Rd7 26. Kg2 a6 27. a4 Kh7 28. axb5 axb5 29. Qf4 Qxf4 30. Rxf4 Nd5 31.
Bxd5 exd5 32. Rh4+ Kg8 33. Kf2 Re7 34. Rf4 f6 35. Rf3 Kf7 36. Re3 Ra7 37. b3 Ra2 38. Re2 b4 39. Kf3 g5 40. h4 gxh4 41. gxh4 Ra1 42. Kg2 Rc1 43. Kg3 Kg6 44.
Rh2 Kh5 45. Kf4 g6 46. Kg3 Rg1+ 47. Kf2 Rg4 48. Ke3 Rxh4 49. Rxh4+ Kxh4 50. d4 cxd4+ 51. Kxd4 g5 52. Kc5 g4 53. Kxb4 g3 54. Ka5 g2 55. b4 g1=Q 0-1

[Event "Rapid Tournament (RAP)"]
[Site "Biel, Switzerland"]
[Date "2026.07.12"]
[Round "4.36"]
[White "Schwab, Felix"]
[Black "Boyer, Jean-Francois"]
[Result "0-1"]
[TimeControl "15 + 5"]
[WhiteTitle "-"]
[BlackTitle "-"]
[WhiteFideId "1311450"]
[BlackFideId "650226"]
[WhiteElo "1945"]
[BlackElo "1749"]

1. e4 e5 2. Nf3 Nc6 3. Bb5 Nf6 4. O-O Nxe4 5. Re1 Nd6 6. Nxe5 Be7 7. Nxc6 dxc6 8. Bf1 O-O 9. d4 Be6 10.
Bf4 Bf6 11. c3 Re8 12. Nd2 g6 13. Nf3 b5 14. Ne5 Bd5 15. Ng4 Bg7 16. Be5 f6 17. Bg3 Rxe1 18. Qxe1 Qd7 19. Ne3 Re8 20.
Qd1 Bf7 21. Qc2 Ne4 22. a4 a6 23. axb5 axb5 24. Bd3 Nxg3 25. hxg3 Bf8 26. Qd1 f5 27. Qf3 c5 28. d5 c4 29.
Bc2 Bc5 30. Rd1 Re5 31. d6 cxd6 32. Nd5 Kg7 33. Nf4 Qe8 34. Kh2 0-1

[Event "Rapid Tournament (RAP)"]
[Site "Biel, Switzerland"]
[Date "2026.07.12"]
[Round "4.38"]
[White "Wilhelm, Serge"]
[Black "Huang, Hsuan-Chen"]
[Result "1/2-1/2"]
[TimeControl "15 + 5"]
[WhiteTitle "-"]
[BlackTitle "-"]
[WhiteFideId "1305808"]
[BlackFideId "16303121"]
[WhiteElo "1923"]
[BlackElo "1648"]

1. Nf3 Nf6 2. g3 d5 3. Bg2 Nbd7 4. d3 e5 5. Nbd2 Bd6 6. e4 c6 7. O-O O-O 8.
Re1 Re8 9. Nf1 Bc5 10. h3 Qb6 11. Re2 h6 12. c3 dxe4 13. dxe4 a5 14. Qc2 Nf8 15. Ne3 Bd7 16. Nc4 Qc7 17.
Be3 Bxe3 18. Nxe3 Rad8 19. Rd2 Ng6 20. Rad1 Be6 21. b3 Rxd2 22. Rxd2 Qb6 23. Bf1 h5 24. h4 Ng4 25. Nxg4 Bxg4 26. Qd3 Nf8 27. Be2 Bxf3 28. Bxf3 g6 29.
Qd6 Re6 30. Qd8 Qxd8 31. Rxd8 b6 32. Be2 Kg7 33. Bc4 Rf6 34. Kf1 Ne6 35. Bxe6 Rxe6 36. Ke2 Kf6 37. a4 Ke7 38. Rd3 1/2-1/2

[Event "Rapid Tournament (RAP)"]
[Site "Biel, Switzerland"]
[Date "2026.07.12"]
[Round "4.40"]
[White "Fernandes Barbosa Dos Santos, Gabriel"]
[Black "Gunzinger, Severin"]
[Result "1/2-1/2"]
[TimeControl "15 + 5"]
[WhiteTitle "-"]
[BlackTitle "-"]
[WhiteFideId "1354388"]
[BlackFideId "1362518"]
[WhiteElo "2199"]
[BlackElo "1607"]

1. e4 c5 2. Nf3 e6 3.
d4 cxd4 4. Nxd4 a6 5. c4 Nf6 6.
Nc3 Qc7 7. a3 b6 8. Be3 Bb7 9. f3 d6 10. Be2 Be7 11. Rc1 O-O 12. O-O Nbd7 13. b4 Rfe8 14. Qd2 Rac8 15. Kh1 Qb8 16.
Rfd1 Bd8 17. Nb3 Bc7 18. Bf4 Ne5 19. Na4 Bc6 20. b5 axb5 21. cxb5 Ba8 22. Nd4 d5 23. exd5 Nxd5 24. Bg3 Ng6 25.
Bxc7 Rxc7 26. Nc6 Bxc6 27. bxc6 Qa8 28. Bb5 Nge7 29. Qf2 Qa5 30. Qe2 Rec8 31. h3 Nxc6 32. Rxd5 exd5 33. Rxc6 Rxc6 34.
Bxc6 h6 35. Bd7 Rd8 36. Qe7 Rxd7 37. Qe8+ Kh7 38. Qxd7 Qe1+ 39. Kh2 Qe5+ 40. f4 Qxf4+ 41. Kg1 Qe3+ 42. Kf1 Qf4+ 43. Ke2 Qe4+ 44.
Kd2 Qxg2+ 45. Kc3 Qf3+ 46. Kb4 Qe4+ 47. Kb5 Qc4+ 48. Kxb6 Qb3+ 49. Qb5 Qxa3 50. Qxd5 Qxa4 51. Qf5+ Kg8 52.
Qc8+ 1/2-1/2

[Event "Rapid Tournament (RAP)"]
[Site "Biel, Switzerland"]
[Date "2026.07.12"]
[Round "4.41"]
[White "Chu, Wa Ching David"]
[Black "De Gregorio, Alexis"]
[Result "1/2-1/2"]
[TimeControl "15 + 5"]
[WhiteTitle "-"]
[BlackTitle "-"]
[WhiteFideId "6013180"]
[BlackFideId "1310054"]
[WhiteElo "1723"]
[BlackElo "2030"]

1. d4 Nf6 2. Bg5 d5 3. Nd2 Nbd7 4. e3 g6 5. Ngf3 Bg7 6. c4 c6 7. Bd3 O-O 8. O-O dxc4 9. Nxc4 b5 10.
Nce5 Nxe5 11. Nxe5 Bb7 12. Rc1 Rc8 13. Qe2 Nd7 14. Nxd7 Qxd7 15. Rfd1 a6 16. Rc5 Rfe8 17. h4 e5 18.
dxe5 Qe6 19. Bf4 Qe7 20. Rdc1 Qxh4 21. Be4 Qe7 22. Bxc6 Bxc6 23. Rxc6 Rxc6 24. Rxc6 Bxe5 25. Bxe5 Qxe5 26. Qd2 Re6 27. Qd8+ Kg7 28.
Rxe6 Qxe6 29. Qd4+ Kg8 30. b3 Qc6 31. Qd8+ Kg7 32. Qd4+ Kg8 33. Qd8+ Kg7 34. Qd4+ 1/2-1/2

[Event "Rapid Tournament (RAP)"]
[Site "Biel, Switzerland"]
[Date "2026.07.12"]
[Round "4.42"]
[White "Creux, Francois"]
[Black "Lang, Fabian"]
[Result "0-1"]
[TimeControl "15 + 5"]
[WhiteTitle "-"]
[BlackTitle "-"]
[WhiteFideId "1357743"]
[BlackFideId "1310160"]
[WhiteElo "1668"]
[BlackElo "1900"]

1. e4 c6 2. Nf3 d5 3. Nc3 dxe4 4. Nxe4 Nf6 5. Ng3 h5 6. Bc4 h4 7. Ne2 Bf5 8. d3 e6 9. Bg5 h3 10.
g3 Nbd7 11. Nfd4 Bg4 12. f3 Bh5 13. g4 Bg6 14. f4 Be7 15. Rg1 Qb6 16. c3 Rd8 17. Rg3 c5 18. f5 exf5 19. Nxf5 Bxf5 20.
gxf5 Ne5 21. Bb3 c4 22. Ba4+ Kf8 23. Bc2 Qc6 24. Nd4 Qh1+ 25. Kd2 Qxh2+ 26. Ne2 cxd3 27. Bxd3 Ne4+ 0-1

[Event "Rapid Tournament (RAP)"]
[Site "Biel, Switzerland"]
[Date "2026.07.12"]
[Round "4.43"]
[White "Amsellem, Daniel"]
[Black "Klopfenstein, Francois"]
[Result "0-1"]
[TimeControl "15 + 5"]
[WhiteTitle "-"]
[BlackTitle "-"]
[WhiteFideId "1363522"]
[BlackFideId "1303040"]
[WhiteElo "1650"]
[BlackElo "1815"]

1. c4 Nf6 2. Nf3 g6 3. Nc3 Bg7 4. e4 d6 5. d4 O-O 6. Be2 Nbd7 7. O-O c6 8. h3 Qc7 9. Be3 e5 10.
d5 a6 11. a4 c5 12. Qd2 Ne8 13. Ng5 h6 14. Nf3 Kh7 15. Ne1 Qd8 16. Nd3 f5 17. f3 Ndf6 18. b4 cxb4 19. Nxb4 Nh5 20.
c5 Ng3 21. Rfc1 fxe4 22. Nxe4 Nxe4 23. fxe4 Nf6 24. Bf3 g5 25. cxd6 g4 26. hxg4 Nxg4 27. Bc5 Qh4 28. Bxg4 Qxg4 29. d7 Bxd7 30. Bxf8 Rxf8 31.
Re1 h5 32. Qe2 Qg6 33. Nd3 h4 34. Nc5 Bg4 35. Qd3 h3 36. Qg3 hxg2 37. Qxg2 Bh6 38. Ne6 Rg8 39. Ra3 Bxe6 40. Qg3 Rg7 41. Qxg6+ Rxg6+ 42. Kf2 Rf6+ 43. Ke2 Bg4+ 44.
Kd3 Rf3+ 45. Kc4 Rxa3 46. Rg1 Rxa4+ 47. Kb3 Rxe4 48. d6 Be6+ 49. Kc3 Rd4 50. Rb1 b5 51. Ra1 Rxd6 52. Kb4 Bd2+ 53. Kc5 Rd7 54. Rxa6 Bc4 55. Rf6 e4 56.
Rf5 e3 57. Rh5+ Kg6 58. Re5 Rd5+ 0-1

[Event "Rapid Tournament (RAP)"]
[Site "Biel, Switzerland"]
[Date "2026.07.12"]
[Round "4.44"]
[White "Schmied, Stefan"]
[Black "Thomas, Vitus"]
[Result "1-0"]
[TimeControl "15 + 5"]
[WhiteTitle "-"]
[BlackTitle "-"]
[WhiteFideId "1335804"]
[BlackFideId "1370790"]
[WhiteElo "1778"]
[BlackElo "1600"]

1. Nf3 d5 2. e3 g6 3. d4 Nf6 4. Be2 Bg7 5. O-O O-O 6. b3 Bf5 7. Bb2 Nbd7 8. Nbd2 c6 9. Nh4 Be6 10.
Bd3 Qc7 11. f4 c5 12. Nhf3 Ng4 13. Re1 Nb6 14. c4 dxc4 15. bxc4 Rfd8 16. Ne5 Nf6 17. d5 Bd7 18. Nxd7 Qxd7 19.
Qc2 Qa4 20. e4 Qd7 21. Bxf6 Bxf6 22. e5 Bg7 23. Ne4 Rac8 24. Rad1 Qa4 25. Qxa4 Nxa4 26. Re2 f5 27. Ng5 Nc3 28.
Rc1 Nxe2+ 29. Bxe2 h6 30. Ne6 Rd7 31. Rb1 b6 32. Kf2 g5 33. g3 g4 34. Bd1 Rb7 35. Ba4 a6 36. Bc6 Rcb8 37.
Bxb7 Rxb7 38. a4 a5 39.
Ke3 Kf7 40. Nd8+ 1-0

[Event "Rapid Tournament (RAP)"]
[Site "Biel, Switzerland"]
[Date "2026.07.12"]
[Round "4.45"]
[White "Liengme, Samuel"]
[Black "Cousin, Ismael"]
[Result "1-0"]
[TimeControl "15 + 5"]
[WhiteTitle "-"]
[BlackTitle "-"]
[WhiteFideId "1368141"]
[BlackFideId "1364561"]
[WhiteElo "1967"]
[BlackElo "1588"]

1. e4 e5 2. Nf3 Nf6 3.
Nc3 Bb4 4. Bc4 Nc6 5. d3 O-O 6. O-O Bxc3 7. bxc3 d6 8. Bg5 h6 9. Bh4 Bg4 10. Rb1 Na5 11. Bb3 Nxb3 12. Rxb3 b6 13.
Re1 Qe7 14. h3 Bh5 15. g4 Bg6 16. Qd2 Qe6 17. Qe3 Nd7 18. d4 exd4 19. Nxd4 Qc4 20. Nf5 Bxf5 21. gxf5 Rfe8 22. Kh2 Nc5 23.
Rb4 Qxa2 24. Rg1 Kf8 25. f6 g5 26. Bxg5 Re6 27. Bxh6+ Ke8 28. Rg8+ Kd7 29. Rxa8 Qxc2 30. Rxa7 Nxe4 31. Qxb6 Qxf2+ 32. Qxf2 Nxf2 33. Rbb7 Rxf6 34. Rxc7+ Ke6 35. Re7+ Kd5 36. Rxf7 Ng4+ 37. hxg4 Rxh6+ 1-0

[Event "Rapid Tournament (RAP)"]
[Site "Biel, Switzerland"]
[Date "2026.07.12"]
[Round "4.46"]
[White "Huettinger, Jonathan"]
[Black "Javet, Blaise"]
[Result "0-1"]
[TimeControl "15 + 5"]
[WhiteTitle "-"]
[BlackTitle "-"]
[WhiteFideId "1366750"]
[BlackFideId "1305026"]
[WhiteElo "1704"]
[BlackElo "1980"]

1. e4 c6 2. d4 d5 3. exd5 cxd5 4. Bd3 Nf6 5. Nf3 Bg4 6. O-O e6 7. Bf4 Bd6 8. Bg5 Be7 9. Nbd2 Nc6 10. c3 O-O 11. h3 Bh5 12. Re1 Re8 13.
Qb3 Qc7 14. Ne5 Nxe5 15. Rxe5 Bg6 16. Bxg6 hxg6 17. Qc2 Nd7 18. Bxe7 Nxe5 19. Bh4 Nc6 20. Nf3 b5 21. a3 a5 22.
Bg3 Qd7 23. Qe2 Qb7 24. Ne5 Nxe5 25. Bxe5 b4 26. axb4 axb4 27. Rxa8 Rxa8 28. Bd6 bxc3 29. bxc3 Qb1+ 30. Kh2 Ra2 31.
Qe3 Qf1 32. Qg5 Qxf2 33. Qd8+ Kh7 34. Qg5 Rc2 35. Bb4 f6 36. Qg4 Qf5 37. Qh4+ Kg8 38. Qg3 g5 39. Qb8+ Kh7 40. Qc7 Qf4+ 41.
Qxf4 gxf4 42. Kg1 Kg6 43. Kf1 Kf5 44. Kg1 g5 45. Kf1 Ke4 46. Be7 Kf5 47. Bb4 e5 48. Kg1 exd4 49. cxd4 Ke4 50.
Be7 Kf5 51. Bc5 Ke6 52. Kf1 f5 53. Bb6 g4 54. h4 g3 55. h5 Rf2+ 56. Kg1 Rb2 57. Ba5 Rb1+ 58. Be1 Rxe1# 0-1

[Event "Rapid Tournament (RAP)"]
[Site "Biel, Switzerland"]
[Date "2026.07.12"]
[Round "4.47"]
[White "Surdez, Patrick"]
[Black "Tcheau, Alain"]
[Result "1-0"]
[TimeControl "15 + 5"]
[WhiteTitle "-"]
[BlackTitle "-"]
[WhiteFideId "1380206"]
[BlackFideId "1306014"]
[WhiteElo "1695"]
[BlackElo "1932"]

1. c4 c6 2. Nf3 e6 3. Nc3 d5 4. cxd5 cxd5 5. d4 Nf6 6. e3 Be7 7. Bd3 O-O 8. O-O Nc6 9. a3 a6 10.
Qc2 Bd7 11. Ne5 Rc8 12. Bd2 h6 13. Rae1 Bd6 14. f4 Bxe5 15. fxe5 Ne8 16. Qd1 f6 17. Qh5 f5 18. Rf3 Qg5 19.
Qh3 h5 20. Rg3 Qh6 21. Re2 g5 22. Rf2 Ng7 23. Ne2 Ne7 24. Bb1 h4 25. e4 f4 26. Rg4 Ng6 27. g3 dxe4 28. Bxe4 Nf5 29.
gxf4 gxf4 30. Bxf5 Rxf5 31. Nxf4 Rg5 32. Nxg6 Rxg4+ 33. Qxg4 Rc1+ 34. Bxc1 Qxc1+ 35. Kg2 Bc6+ 36. Kh3 Qe3+ 37. Kxh4 Qxf2+ 38. Kg5 Bf3 39.
Qf4 Qg2+ 40. Kf6 Be4 41. Qg5 Qf3+ 42. Kxe6 Qf7+ 43. Kd6 Qd5+ 44. Ke7 Qf7+ 45. Kd8 Bxg6 46. Qf6 Qe8+ 47. Kc7 Qf7+ 48.
Qxf7+ Kxf7 49. d5 Be4 50. d6 Ke6 51. d7 1-0